 Dungeon Crawl Stone Soup version 0.24-a0-29-g43a6aff (webtiles) character file.

Game seed: 13034824002188290083

197954 Amnesiac the Sniper (level 19, -11/116 HPs)
             Began as a Halfling Hunter on Feb 3, 2019.
             Was the Champion of Okawaru.
             Mangled by a five-headed hydra (15 damage)
             ... on level 2 of the Swamp.
             The game lasted 01:05:49 (34335 turns).

Amnesiac the Sniper (Halfling Hunter)              Turns: 34335, Time: 01:05:50

Health: -11/116    AC: 39    Str: 19    XL:     19   Next: 12%
Magic:  27/27      EV: 17    Int:  9    God:    Okawaru [******]
Gold:   1708       SH:  0    Dex: 17    Spells: 18/18 levels left

rFire    + . .     SeeInvis .   a - +8 triple crossbow (flame)
rCold    + + +     Gourm    .   (shield currently unavailable)
rNeg     . . .     Faith    +   c - +11 gold dragon scales
rPois    +         Spirit   .   L - +0 helmet of Panentheism {rC++}
rElec    .         Reflect  .   T - +2 cloak
rCorr    .         Harm     .   R - +1 pair of gloves {archery}
MR       +....                  G - +0 pair of boots {Fly}
Stlth    ..........             J - amulet of faith
HPRegen  0.29/turn              q - +5 ring of evasion
MPRegen  0.20/turn              S - +2 ring of slaying

@: flying, lightly drained
A: small, frail 1, mutation resistance 1
}: 1/15 runes: gossamer
a: Heroism, Finesse, Renounce Religion, Stop Flying


You were on level 2 of the Swamp.
You worshipped Okawaru.
Okawaru was exalted by your worship.
You were not hungry.

You visited 6 branches of the dungeon, and saw 30 of its levels.
You visited 1 bazaar.
You also visited: Sewer, Bailey and Volcano.

You collected 3351 gold pieces.
You spent 1643 gold pieces at shops.

Inventory:

Hand Weapons
 a - a +8 triple crossbow of flaming (weapon)
 b - the +7 arbalest of Sequestration {penet, Int+4}
   (Okawaru gifted it to you on level 14 of the Dungeon)

   Ammo fired by it will pass through the targets it hits, potentially hitting
   all targets in its path until it reaches maximum range.
   It affects your intelligence (+4).
 X - the +12 dagger of the Rat {drain, Str+2 Dex+2}
   (You found it in a sewer)

   A truly terrible weapon, it drains the life of those it strikes.
   It affects your strength (+2).
   It affects your dexterity (+2).
Missiles
 f - 185 bolts (quivered)
Armour
 c - +11 gold dragon scales (worn)
 G - a +0 pair of boots of flying (worn)
 I - a scarf of cloud immunity
 L - the +0 helmet of Panentheism (worn) {rC++}
   (You found it on level 2 of the Lair of Beasts)

   It greatly protects you from cold.
 O - the +0 pair of boots of the Dice {rElec rPois rC-}
   (Okawaru gifted it to you on level 4 of the Spider Nest)

   It makes you vulnerable to cold.
   It insulates you from electricity.
   It protects you from poison.
 R - a +1 pair of gloves of archery (worn)
 T - a +2 cloak (worn)
 Y - the +3 pair of boots of the Swamp {rC+}
   (You bought it in a shop on level 15 of the Dungeon)

   It protects you from cold.
Jewellery
 j - an uncursed ring of protection from fire
 q - a +5 ring of evasion (left hand)
 J - an amulet of faith (around neck)
 S - a +2 ring of slaying (right hand)
Wands
 g - a wand of random effects (7)
 l - a wand of flame (31)
 p - a wand of polymorph (7)
 t - a wand of digging (24)
 u - a wand of iceblast (18)
 y - a wand of paralysis (21)
 E - a wand of clouds (4)
 F - a wand of disintegration (16)
Scrolls
 h - 3 scrolls of blinking {!r}
 m - 6 scrolls of magic mapping {!r}
 s - a scroll of fog {!r}
 w - 10 scrolls of remove curse {!r}
 x - 6 scrolls of fear {!r}
 K - 8 scrolls of teleportation {!r}
 Q - 8 scrolls of identify {!r}
Potions
 e - 3 potions of cancellation {!q}
 i - 9 potions of might {!q}
 k - 4 potions of haste {!q}
 n - a potion of magic {!q}
 o - 5 potions of flight {!q}
 r - 6 potions of curing {!q}
 v - 4 potions of resistance {!q}
 z - 3 potions of berserk rage {!q}
 A - 7 potions of invisibility {!q}
 D - 2 potions of ambrosia {!q}
 H - 3 potions of lignification {!q}
 M - a potion of agility {!q}
 P - 5 potions of brilliance {!q}
 U - 2 potions of heal wounds {!q}
 W - 4 potions of mutation {!q}
Miscellaneous
 N - a fan of gales
Comestibles
 d - 50 rations


   Skills:
 + Level 11.6(11.2) Fighting
 + Level 22.1(21.7) Crossbows
 + Level 13.8(13.4) Armour
 + Level 13.7(13.4) Dodging
 - Level 1.1(0.8) Stealth
 + Level 11.2(10.8) Invocations
 - Level 5.0(4.6) Evocations


You had 18 spell levels left.
You didn't know any spells.
Your spell library contained the following spells:

 Spells                   Type           Power        Failure   Level  Hunger
 Flame Tongue             Conj/Fire      #....        100%        1    ##.....
 Infusion                 Chrm           #...         100%        1    ##.....
 Sandblast                Erth           #.....       100%        1    ##.....
 Shock                    Conj/Air       #...         100%        1    ##.....
 Summon Small Mammal      Summ           #...         100%        1    ##.....
 Call Imp                 Summ           #.......     100%        2    ###....
 Passwall                 Tmut/Erth      #.......     100%        2    ###....
 Poisonous Vapours        Pois/Air       #.....       100%        2    ###....
 Swiftness                Chrm/Air       #.......     100%        2    ###....
 Throw Flame              Conj/Fire      #.....       100%        2    ###....
 Call Canine Familiar     Summ           #.......     100%        3    ####...
 Conjure Flame            Conj/Fire      #.......     100%        3    ####...
 Inner Flame              Hex/Fire       #.......     100%        3    ####...
 Mephitic Cloud           Conj/Pois/Air  #.......     100%        3    ####...
 Ozocubu's Armour         Chrm/Ice       #.......     100%        3    ####...
 Spectral Weapon          Hex/Chrm       #.......     100%        3    ####...
 Static Discharge         Conj/Air       #.......     100%        3    ####...
 Stone Arrow              Conj/Erth      #.....       100%        3    ####...
 Summon Guardian Golem    Hex/Summ       #.......     100%        3    ####...
 Airstrike                Air            #.........   100%        4    #####..
 Cause Fear               Hex            #.........   100%        4    #####..
 Ice Form                 Ice/Tmut       #.......     100%        4    #####..
 Petrify                  Tmut/Erth      #.......     100%        4    #####..
 Sticky Flame             Conj/Fire      #.......     100%        4    #####..
 Summon Ice Beast         Ice/Summ       #.......     100%        4    #####..
 Summon Lightning Spire   Summ/Air       #.......     100%        4    #####..
 Fireball                 Conj/Fire      #.........   100%        5    ######.
 Lee's Rapid Deconstruct  Erth           #.........   100%        5    ######.
 Lightning Bolt           Conj/Air       #.........   100%        5    ######.
 Metabolic Englaciation   Hex/Ice        #.........   100%        5    ######.
 Silence                  Hex/Air        #.........   100%        5    ######.
 Yara's Violent Unravell  Hex/Tmut       #.........   100%        5    ######.
 Bolt of Cold             Conj/Ice       #.........   100%        6    #######
 Deflect Missiles         Chrm/Air       #.........   100%        6    #######
 Freezing Cloud           Conj/Ice/Air   #.........   100%        6    #######
 Ozocubu's Refrigeration  Ice            #.........   100%        6    #######
 Simulacrum               Ice/Necr       #.........   100%        6    #######
 Ring of Flames           Chrm/Fire      #.........   100%        7    #######
 Discord                  Hex            #.........   100%        8    #######
 Ignition                 Fire           #.........   100%        8    #######
 Shatter                  Erth           #.........   100%        9    #######
 Tornado                  Air            #.........   100%        9    #######


Dungeon Overview and Level Annotations

Branches:
Dungeon (15/15)            Temple (1/1) D:4            Lair (6/6) D:9
  Swamp (2/4) Lair:2       Spider (4/4) Lair:4        Slime (0/5) Lair:5
    Orc (2/2) D:11            Elf (0/3) Orc:2        Vaults (0/5) D:13
 Depths (0/5) D:15

Altars:
Ashenzari
Cheibriados
Dithmenos
Fedhas
Gozag
Hepliaklqana
Kikubaaqudgha
Makhleb
Nemelex Xobeh
Okawaru
Qazlal
Ru
Sif Muna
Trog
Uskayaw
Vehumet
Wu Jian
Xom
Yredelemnul
Zin
The Shining One
Beogh
Jiyva

Shops:
D:5 [***:   D:8 [   D:15 *   Orc:1 !   Orc:2 ?:?[

Portals:
Pandemonium: Orc:2

Annotations:
Swamp:2 Krampus's ghost, adept FoFi


Innate Abilities, Weirdness & Mutations

You are small and have problems with some larger weapons.
You are somewhat resistant to further mutation.
You are frail. (-10% HP)


Message History

The five-headed hydra bites you but does no damage.
The five-headed hydra completely misses you.
The five-headed hydra bites you but does no damage.
The five-headed hydra barely misses you.
The five-headed hydra bites you but does no damage.
The hornet barely misses you.
Krampus's ghost hits you but does no damage.
The five-headed hydra bites you.
The five-headed hydra closely misses you. x2
The five-headed hydra bites you.
* * * LOW HITPOINT WARNING * * *
The five-headed hydra bites you.
* * * LOW HITPOINT WARNING * * *
The hornet stings you but does no damage.
Unknown command.
Firing (i - inventory)
f - 188 bolts (quivered)
Press: ? - help, Shift-Dir - straight line, f/p - five-headed hydra
Aim: a five-headed hydra (heavily wounded, berserk, fast, unusually strong)
You shoot a bolt. The bolt hits the five-headed hydra!
The bolt burns the five-headed hydra.
The five-headed hydra is severely wounded.
The five-headed hydra bites you!
* * * LOW HITPOINT WARNING * * *
The five-headed hydra bites you.
* * * LOW HITPOINT WARNING * * *
The five-headed hydra misses you.
The five-headed hydra completely misses you.
The five-headed hydra misses you.
The hornet stings you but does no damage.
Krampus's ghost hits you.
* * * LOW HITPOINT WARNING * * *
Krampus's ghost burns you.
* * * LOW HITPOINT WARNING * * *
The five-headed hydra bites you but does no damage. x3
The five-headed hydra barely misses you.
The five-headed hydra bites you!
* * * LOW HITPOINT WARNING * * *
The hornet stings you!
* * * LOW HITPOINT WARNING * * *
Unknown command.
Firing (i - inventory)
f - 187 bolts (quivered)
Press: ? - help, Shift-Dir - straight line, f/p - five-headed hydra
Aim: a five-headed hydra (severely wounded, berserk, fast, unusually strong)
You shoot a bolt. The bolt hits the five-headed hydra.
The bolt burns the five-headed hydra.
The five-headed hydra is severely wounded.
The five-headed hydra closely misses you.
The five-headed hydra bites you.
* * * LOW HITPOINT WARNING * * *
The five-headed hydra closely misses you.
The five-headed hydra misses you. x2
The hornet stings you but does no damage.
Krampus's ghost barely misses you.
Unknown command.
Firing (i - inventory)
f - 186 bolts (quivered)
Press: ? - help, Shift-Dir - straight line, f/p - five-headed hydra
Aim: a five-headed hydra (severely wounded, berserk, fast, unusually strong)
You shoot a bolt.
The bolt barely misses the five-headed hydra.
You hear an angry buzzing noise.
The five-headed hydra misses you. The five-headed hydra bites you!
* * * LOW HITPOINT WARNING * * *
The five-headed hydra bites you!
You die...

#.. ![??(?...#..≈≈....
....###(..##.##.≈....≈
#.#....†#.....#.≈....≈ #
#..©..##..#.≈≈....
#..#.yyy..#.≈≈≈.≈≈
...#...#y..##.≈≈≈≈.≈
#......#lD.©#..♣♣♣♣..
##.###..#####.♣♣♣♣≈.. #
#@####.....♣≈..^≈≈
≈§....yDW....≈≈≈...≈≈.≈≈
≈≈≈≈≈≈≈....≈....≈.≈≈≈...
≈≈≈≈≈≈≈.≈♣♣♣..♣♣♣♣≈≈≈...
.≈≈≈≈≈≈/≈♣ ♣.≈. ♣♣...≈.
≈≈≈≈≈≈≈.♣♣ ♣♣. ♣♣♣♣♣.
≈≈..≈≈≈.§ ♣≈ ≈≈.≈≈≈.≈§
♣≈≈ ♣.≈


You could see a five-headed hydra (berserk), a hornet and Krampus's ghost.

Vanquished Creatures
  Jorgrun (Swamp:1)
  Asterion (Spider:4)
  Gastronok (D:10)
  A thorn hunter (Swamp:1)
  2 emperor scorpions (Spider:4)
  Louise (D:15)
  2 ghost moths
  An orc warlord (D:11)
  6 entropy weavers
  Nessos (D:12)
  4 spark wasps
  An ettin (D:15)
  Snorg (D:12)
  4 vault guards (D:13)
  8 hydras
  Harold (D:8)
  5 ghost crabs (Swamp:1)
  5 centaur warriors
  3 alligators
  An ogre mage (D:15)
  7 two-headed ogres
  6 death yaks (Lair:6)
  8 death scarabs (Spider:4)
  A tengu warrior (D:15)
  A queen ant (Spider:2)
  A sun demon (Orc:2)
  A hell hog (Volcano)
  6 orc high priests (Orc:2)
  The ghost of Phong the Spear-Bearer, a novice OpSu of Ashenzari (D:11)
  A spectral emperor scorpion (Spider:4)
  A fire crab (Volcano)
  An infernal demonspawn (Orc:2)
  2 torturous demonspawn (Orc:2)
  3 spriggan druids
  An unseen horror (D:13)
  A deep troll (D:15)
  2 wizards
  A deep elf archer (D:15)
  Pikel (D:3)
  A wolf spider zombie (Spider:4)
  2 spectral wolf spiders (Spider:4)
  A necromancer (Lair:3)
  8 orc knights
  The ghost of Duffy the Shield-Bearer, a novice FoFi (D:5)
  2 deep elf magi
  3 manticores
  8 orc sorcerers
  27 wolf spiders
  4 cyclopes
  17 orb spiders
  7 ugly things
  A centaur zombie (D:15)
  5 moths of wrath
  3 black mambas
  9 elephants
  4 apocalypse crabs (Swamp:1)
  Psyche (D:8)
  2 gargoyles
  A molten gargoyle (Volcano)
  A kobold demonologist (D:14)
  9 spiny frogs
  2 redback zombies (Spider:4)
  3 spectral redbacks (Spider:4)
  3 efreet
  A freezing wraith (D:15)
  7 komodo dragons
  7 demonic crawlers
  2 hellwings (Orc:2)
  4 trolls
  2 red devils (Orc:2)
  10 hornets
  7 polar bears (Lair:6)
  4 tyrant leeches (Swamp:1)
  3 spectral tarantellas (Spider:4)
  2 tarantella zombies (Spider:4)
  24 jumping spiders
  6 slime creatures (Swamp:1)
  3 spectral jumping spiders (Spider:4)
  8 hippogriffs
  3 bog bodies (Swamp:1)
  26 blink frogs
  A meliai zombie (D:12)
  75 redbacks
  33 tarantellas
  15 spriggans
  A shadow (Swamp:1)
  A vampire (D:13)
  4 wraiths
  4 fire bats (Volcano)
  5 hungry ghosts
  2 wyverns
  22 yaks
  Eustachio (D:4)
  12 vampire mosquitoes
  A neqoxec (Orc:2)
  7 wargs
  Edmund (D:6)
  14 soldier ants (Spider:2)
  7 swamp worms
  11 water moccasins
  Duvessa (D:5)
  3 hell hounds (Volcano)
  46 orc warriors
  6 porcupines
  2 spectral hornets (Spider:4)
  A swamp drake (Swamp:1)
  2 black bears
  An eye of draining (D:12)
  3 sky beasts
  2 ice beasts
  A slave (D:4)
  A hornet zombie (Spider:4)
  A phantom (D:5)
  42 wolves
  4 boggarts (Lair:6)
  17 ogres
  12 centaurs
  11 crocodiles
  The ghost of Killmatronix the Bolt Thrower, an amateur KoHu (D:3)
  A big kobold (D:11)
  19 bullfrogs
  A gnoll sergeant (D:5)
  Dowan (D:5)
  4 scorpions
  3 killer bees (D:11)
  8 wights
  9 howler monkeys
  2 electric eels
  10 lava snakes
  2 crimson imps
  2 bullfrog zombies
  5 hounds
  5 jellies
  3 bullfrog skeletons
  Crazy Yiuf (D:4)
  30 orc priests
  23 orc wizards
  6 centaur skeletons
  Terence (D:2)
  4 iguanas
  A yak simulacrum (Lair:3)
  26 worker ants
  A polar bear simulacrum (Lair:3)
  A statue (D:8)
  4 wolf simulacra (Lair:3)
  A hound zombie (D:5)
  3 worker ant zombies
  A howler monkey zombie (D:5)
  6 gnolls
  14 adders
  4 shadow imps
  An ooze (D:2)
  An adder zombie (D:7)
  2 adder skeletons
  A worm (Lair:4)
  3 dart slugs
  8 leopard geckos
  120 orcs
  6 bats
  15 giant cockroaches
  13 hobgoblins
  12 jackals
  6 quokkas
  5 ball pythons
  12 frilled lizards
  10 goblins
  26 kobolds
  A leopard gecko zombie (D:5)
  5 rats
  5 river rat simulacra (Lair:3)
  4 fungi
1172 creatures vanquished.

Vanquished Creatures (others)
  A spriggan druid (Swamp:1)
  A warg (Orc:2)
  2 slaves (D:4)
  An orc warrior (Orc:2)
  8 fungi
  A plant (D:5)
14 creatures vanquished.

Grand Total: 1186 creatures vanquished

Notes
Turn   | Place    | Note
-------+----------+-------------------------------------------
     0 | D:1      | Amnesiac the Halfling Hunter began the quest for the Orb.
     0 | D:1      | Reached XP level 1. HP: 14/14 MP: 1/1
   174 | D:3      | Reached XP level 2. HP: 19/19 MP: 2/2
   209 | D:3      | Found a transporter.
   227 | D:3      | Reached skill level 5 in Crossbows
   320 | D:4      | Found a staircase to the Ecumenical Temple.
   326 | Temple   | Entered the Ecumenical Temple
   361 | Temple   | Became a worshipper of Warmaster Okawaru
   447 | D:2      | Reached skill level 1 in Armour
   447 | D:2      | Reached XP level 3. HP: 22/24 MP: 3/3
   692 | D:1      | Reached XP level 4. HP: 27/29 MP: 4/4
  1146 | D:2      | Noticed Terence
  1178 | D:2      | Killed Terence
  1178 | D:2      | Reached XP level 5. HP: 34/34 MP: 5/5
  1246 | D:2      | Reached skill level 6 in Crossbows
  1304 | D:2      | Found a sparkling altar of Nemelex Xobeh.
  1510 | D:3      | Found an opulent altar of Gozag.
  1511 | D:3      | Found a transporter.
  1511 | D:3      | Noticed Killmatronix's ghost (amateur KoHu)
  1596 | D:3      | Found a sparkling altar of Nemelex Xobeh.
  1670 | D:3      | Found a hide-covered altar of Uskayaw.
  1928 | D:3      | Found a faded altar of an unknown god.
  2137 | D:3      | Found a bloodstained altar of Trog.
  2194 | D:4      | Found a snail-covered altar of Cheibriados.
  2233 | D:4      | Noticed Eustachio
  2261 | D:3      | Found a shadowy altar of Dithmenos.
  2261 | D:3      | Found a stormy altar of Qazlal.
  2438 | D:4      | Killed Eustachio
  2438 | D:4      | Reached * piety under Okawaru
  2438 | D:4      | Reached skill level 7 in Crossbows
  2438 | D:4      | Reached XP level 6. HP: 34/39 MP: 6/6
  2574 | D:3      | Reached skill level 8 in Crossbows
  2712 | D:4      | Noticed Pikel
  2712 | D:4      | Noticed a slave
  2712 | D:4      | Noticed a slave
  2712 | D:4      | Noticed a slave
  2712 | D:4      | Noticed a slave
  2793 | D:3      | Killed Pikel
  2793 | D:3      | Reached ** piety under Okawaru
  2793 | D:3      | Reached skill level 10 in Crossbows
  2793 | D:3      | Reached XP level 7. HP: 37/45 MP: 5/7
  2793 | D:3      | Reached XP level 8. HP: 41/50 MP: 5/8
  3202 | D:4      | Found a runed translucent door.
  3203 | D:4      | Noticed Crazy Yiuf
  3231 | D:4      | Reached skill level 1 in Invocations
  3547 | D:4      | Killed Crazy Yiuf
  3659 | D:5      | Entered Level 5 of the Dungeon
  3659 | D:5      | Found Humnis's Assorted Antiques.
  3692 | D:5      | Noticed Dowan
  3693 | D:5      | Noticed Duvessa
  3875 | D:5      | Found Soiwuoh's Book Shop.
  3916 | D:5      | Reached *** piety under Okawaru
  3996 | D:5      | Found Nevuemu's Assorted Antiques.
  4017 | D:5      | Bought a scroll labeled ONISIC PUAX for 28 gold pieces
  4017 | D:5      | Bought a scroll labeled BINENG REJAU for 28 gold pieces
  4017 | D:5      | Bought a scroll labeled ICRIG LEOGG for 28 gold pieces
  4017 | D:5      | Bought a scroll labeled JUCKAK SEMITEQ for 28 gold pieces
  4017 | D:5      | Bought a sedimented green potion for 25 gold pieces
  4017 | D:5      | Bought a lumpy amethyst potion for 25 gold pieces
  4020 | D:5      | Found a runed translucent gate.
  4020 | D:5      | Found a runed translucent gate.
  4020 | D:5      | Found a runed translucent gate.
  4064 | D:5      | Bought a scroll labeled ONISIC PUAX for 24 gold pieces
  4087 | D:5      | Killed Duvessa
  4087 | D:5      | Reached XP level 9. HP: 38/57 MP: 9/11
  4096 | D:5      | Killed Dowan
  4286 | D:5      | Found Zaewosul's Assorted Antiques.
  4312 | D:5      | Found a sacrificial altar of Ru.
  4335 | D:5      | You fall through a shaft for 3 floors!
  4335 | D:8      | Noticed Maurice
  4337 | D:8      | Paralysed by Maurice for 4 turns
  4341 | D:8      | Noticed Maurice
  4348 | D:8      | Killed Maurice the wyvern
  4383 | D:8      | Found Isoudann's Armour Shop.
  4398 | D:8      | Received a gift from Okawaru
  4736 | D:6      | Reached skill level 5 in Dodging
  4749 | D:6      | Reached skill level 5 in Armour
  4784 | D:6      | Found a glowing drain.
  4816 | D:6      | Found a glowing silver altar of Zin.
  4834 | Sewer    | Entered a sewer
  5061 | Sewer    | Received a gift from Okawaru
  5085 | Sewer    | Got a dazzling dagger
  5371 | D:5      | Bought a lumpy amethyst potion for 23 gold pieces
  5458 | D:5      | Found Zebbuhog's Armour Shop.
  5733 | D:5      | Noticed Duffy's ghost (novice FoFi)
  5800 | D:5      | Bought a black potion for 21 gold pieces
  5800 | D:5      | Bought a smoky green potion for 21 gold pieces
  5802 | D:5      | Identified the +12 dagger of the Rat {drain, Str+2 Dex+2}
                  | (You found it in a sewer)
  5859 | D:3      | Killed Killmatronix's ghost
  5972 | D:5      | Killed Duffy's ghost
  5972 | D:5      | Reached **** piety under Okawaru
  5972 | D:5      | Received a gift from Okawaru
  5972 | D:5      | Reached skill level 5 in Fighting
  5972 | D:5      | Reached skill level 5 in Invocations
  5972 | D:5      | Reached XP level 10. HP: 26/66 MP: 13/13
  6327 | D:6      | Found an ornate altar of the Wu Jian Council.
  6561 | D:6      | Found a glowing golden altar of the Shining One.
  6667 | D:6      | Noticed Edmund
  6685 | D:6      | Killed Edmund
  7010 | D:7      | Found a basalt altar of Yredelemnul.
  7071 | D:7      | Got a faintly glowing dagger
  7496 | D:8      | Reached ***** piety under Okawaru
  7532 | D:8      | Noticed a two-headed ogre
  7791 | D:7      | Identified the +4 dagger "Syrrauf" {protect, rElec MR+}
                  | (You found it on level 7 of the Dungeon)
  7858 | D:8      | Killed a two-headed ogre
  7858 | D:8      | Received a gift from Okawaru
  7976 | D:8      | Noticed Harold
  8007 | D:8      | Killed Harold
  8007 | D:8      | Reached XP level 11. HP: 43/74 MP: 16/16
  8190 | D:8      | Received a gift from Okawaru
  8255 | D:8      | Noticed Psyche
  8262 | D:8      | Killed Psyche
  8296 | D:8      | Found a radiant altar of Vehumet.
  8908 | D:9      | Found a staircase to the Lair.
  8966 | D:9      | Received a gift from Okawaru
  9351 | D:9      | Found a deep blue altar of Sif Muna.
  9353 | D:9      | Found a bloodstained altar of Trog.
  9353 | D:9      | Found a snail-covered altar of Cheibriados.
  9355 | D:9      | Found a burning altar of Makhleb.
  9355 | D:9      | Found a bloodstained altar of Trog.
  9355 | D:9      | Found a shimmering altar of Xom.
  9474 | D:9      | Found a blossoming altar of Fedhas.
  9544 | D:9      | Found a shattered altar of Ashenzari.
  9682 | D:10     | Entered Level 10 of the Dungeon
  9946 | D:10     | Noticed Gastronok
 10298 | D:10     | Killed Gastronok
 10523 | Lair:1   | Entered Level 1 of the Lair of Beasts
 10767 | Lair:1   | Reached XP level 12. HP: 77/82 MP: 18/18
 11590 | Lair:2   | Reached skill level 10 in Armour
 11590 | Lair:2   | Reached skill level 10 in Dodging
 11603 | Lair:2   | Received a gift from Okawaru
 11840 | Lair:2   | Got an ichor-stained helmet
 11936 | Lair:2   | Found a staircase to the Swamp.
 11952 | Lair:2   | Received a gift from Okawaru
 12488 | Lair:3   | Identified the +0 helmet of Panentheism {rC++} (You found
                  | it on level 2 of the Lair of Beasts)
 12600 | Lair:3   | Reached ****** piety under Okawaru
 12600 | Lair:3   | Received a gift from Okawaru
 12600 | Lair:3   | Reached skill level 1 in Evocations
 12626 | Lair:3   | Noticed a four-headed hydra
 12635 | Lair:3   | Killed a four-headed hydra
 12792 | Lair:3   | Got a jewelled whip
 12793 | Lair:3   | Identified the cursed +1 whip of Recklessness {flame, rPois
                  | Int+3 Stlth+} (You found it on level 3 of the Lair of
                  | Beasts)
 12889 | Lair:3   | Noticed a six-headed hydra
 12894 | Lair:3   | Killed a six-headed hydra
 13006 | Lair:3   | Received a gift from Okawaru
 13357 | Lair:3   | Received a gift from Okawaru
 13357 | Lair:3   | Reached XP level 13. HP: 70/89 MP: 19/19
 13407 | Lair:3   | Reached skill level 11 in Crossbows
 13802 | Lair:5   | Found a viscous altar of Jiyva.
 13802 | Lair:5   | Found a staircase to the Slime Pits.
 14046 | Lair:5   | Found a dark tunnel.
 14054 | Volcano  | Entered a volcano
 14415 | Volcano  | Found a radiant altar of Vehumet.
 14561 | Volcano  | Reached skill level 12 in Crossbows
 15159 | Lair:4   | Found a hole to the Spider Nest.
 15200 | Lair:4   | Received a gift from Okawaru
 15389 | Lair:4   | Received a gift from Okawaru
 15389 | Lair:4   | Reached skill level 13 in Crossbows
 15441 | Lair:4   | Noticed a seven-headed hydra
 15443 | Lair:4   | Killed a seven-headed hydra
 15443 | Lair:4   | Received a gift from Okawaru
 15828 | Lair:6   | Entered Level 6 of the Lair of Beasts
 15883 | Lair:6   | Reached skill level 14 in Crossbows
 16209 | Lair:6   | Reached XP level 14. HP: 88/97 MP: 20/20
 16331 | Lair:6   | Reached skill level 15 in Crossbows
 16743 | Lair:6   | Received a gift from Okawaru
 16767 | Lair:6   | Reached skill level 16 in Crossbows
 16780 | Lair:6   | Received a gift from Okawaru
 16928 | Lair:6   | Received a gift from Okawaru
 16970 | Lair:6   | Received a gift from Okawaru
 16993 | Lair:6   | Received a gift from Okawaru
 16999 | Lair:6   | Identified a scroll of acquirement {!r}
 17695 | D:5      | Bought a steel ring for 120 gold pieces
 17720 | D:5      | Bought a notched coral ring for 140 gold pieces
 17863 | D:11     | Reached skill level 17 in Crossbows
 17967 | D:11     | Found a staircase to the Orcish Mines.
 18307 | D:11     | Received a gift from Okawaru
 18456 | D:11     | Found a transporter.
 18456 | D:11     | Noticed Phong's ghost (novice OpSu)
 18456 | D:11     | Identified the +10 dire flail of Poedaseh {freeze, rPois}
 18456 | D:11     | Identified the +9 dire flail of Gluttony {crush, rF+ rC+
                  | Dex+4}
 18457 | D:11     | Found a transporter.
 18587 | D:11     | Reached XP level 15. HP: 101/101 MP: 21/21
 18662 | D:11     | Killed Phong's ghost
 18749 | Orc:1    | Entered Level 1 of the Orcish Mines
 18749 | Orc:1    | Noticed an orc warlord
 18910 | D:12     | Reached skill level 18 in Crossbows
 19356 | D:12     | Noticed Nessos
 19358 | D:12     | Killed Nessos
 19360 | D:12     | Noticed Snorg
 19368 | D:12     | Killed Snorg
 19531 | D:13     | Found a flickering gateway to a bazaar.
 19551 | Bazaar   | Entered a bazaar
 19551 | Bazaar   | Found Fijaxzin's Magic Scroll Boutique.
 19551 | Bazaar   | Found Kutun's General Store.
 19558 | Bazaar   | Bought a scroll of enchant weapon for 82 gold pieces
 19569 | Bazaar   | Found Gyagik's Antique Armour Emporium.
 19580 | Bazaar   | Found Xawnut's Antique Weapon Shop.
 19603 | Bazaar   | Found Lool's Gadget Emporium.
 19730 | D:13     | Found a flagged portal.
 19754 | Bailey   | Entered a bailey
 19849 | Bailey   | Found an iron altar of Okawaru.
 20042 | D:13     | Found a gate to the Vaults.
 20063 | D:13     | Reached skill level 19 in Crossbows
 20065 | D:13     | Received a gift from Okawaru
 21178 | D:14     | Got a fine quarterstaff
 21237 | D:14     | Paralysed by a wizard for 2 turns
 21419 | D:14     | Received a gift from Okawaru
 21445 | D:14     | Got an ancient arbalest {god gift}
 21446 | D:14     | Identified the +7 arbalest of Sequestration {penet, Int+4}
                  | (Okawaru gifted it to you on level 14 of the Dungeon)
 21642 | D:15     | Entered Level 15 of the Dungeon
 21845 | D:15     | Reached skill level 20 in Crossbows
 21846 | D:15     | Paralysed by a centaur for 6 turns
 21895 | D:15     | Reached XP level 16. HP: 105/108 MP: 22/22
 21969 | D:15     | Found a staircase to the Depths.
 22031 | D:15     | Received a gift from Okawaru
 22218 | D:15     | Noticed Louise
 22223 | D:15     | Killed Louise
 22443 | D:15     | Found Kifegioz's Assorted Antiques.
 22451 | D:15     | Bought a scroll of enchant armour for 232 gold pieces
 22451 | D:15     | Bought a pair of smoking boots for 294 gold pieces
 22451 | D:15     | Bought a scroll of blinking for 232 gold pieces
 22461 | D:15     | Identified the +3 pair of boots of the Swamp {rC+} (You
                  | bought it in a shop on level 15 of the Dungeon)
 23348 | Orc:1    | Reached skill level 21 in Crossbows
 23386 | Orc:1    | Found Qeigh's Distillery.
 23553 | Orc:2    | Entered Level 2 of the Orcish Mines
 23872 | Orc:2    | Found Xuxoresch's Magic Scroll Boutique.
 23873 | Orc:2    | Found Uvisyate's Magic Scroll Shop.
 23964 | Orc:2    | Received a gift from Okawaru
 24152 | Orc:2    | Reached skill level 5 in Evocations
 24176 | Orc:2    | Received a gift from Okawaru
 24332 | Orc:2    | Found Piodgh's Book Emporium.
 24332 | Orc:2    | Found Nerompuh's Antique Armour Shoppe.
 24332 | Orc:2    | Found a one-way gate leading to the halls of Pandemonium.
 24336 | Orc:2    | Bought a glowing cloak for 180 gold pieces
 24382 | Orc:2    | Bought a scroll of enchant weapon for 112 gold pieces
 24505 | Orc:2    | Found a staircase to the Elven Halls.
 24834 | Orc:2    | Found a roughly hewn altar of Beogh.
 25457 | Spider:1 | Entered Level 1 of the Spider Nest
 25551 | Spider:1 | Received a gift from Okawaru
 25718 | Spider:1 | Reached XP level 17. HP: 94/114 MP: 23/23
 25813 | Spider:1 | Received a gift from Okawaru
 26778 | Spider:2 | Reached skill level 10 in Fighting
 27173 | Spider:2 | Received a gift from Okawaru
 28936 | Spider:4 | Entered Level 4 of the Spider Nest
 28944 | Spider:4 | Received a gift from Okawaru
 28962 | Spider:4 | Noticed Asterion
 29847 | Spider:4 | Reached XP level 18. HP: 122/122 MP: 25/25
 30027 | Spider:4 | Killed Asterion
 30260 | Spider:4 | Got a pair of faintly glowing boots {god gift}
 30347 | Spider:4 | Reached skill level 10 in Invocations
 30964 | Spider:4 | Received a gift from Okawaru
 31946 | Spider:4 | Received a gift from Okawaru
 32015 | Spider:4 | Received a gift from Okawaru
 32016 | Spider:4 | Got a warped hunting sling {god gift}
 32017 | Spider:4 | Identified the +6 hunting sling "Oretz" {venom, rElec rF+
                  | MP+9 Str-2} (Okawaru gifted it to you on level 4 of the
                  | Spider Nest)
 32060 | Spider:4 | Reached skill level 22 in Crossbows
 32132 | Spider:4 | Got a gossamer rune of Zot
 32150 | Spider:4 | Identified the +0 pair of boots of the Dice {rElec rPois
                  | rC-} (Okawaru gifted it to you on level 4 of the Spider
                  | Nest)
 32383 | Swamp:1  | Entered Level 1 of the Swamp
 33354 | Swamp:1  | Received a gift from Okawaru
 33411 | Swamp:1  | Noticed Jorgrun
 33420 | Swamp:1  | Killed Jorgrun
 33583 | Swamp:1  | Found a runed translucent door.
 33752 | Swamp:1  | Reached XP level 19. HP: 106/129 MP: 27/27
 34071 | Swamp:1  | Gained mutation: You are frail. (-10% HP) [you]
 34131 | Swamp:1  | Got a crude leather armour
 34132 | Swamp:1  | Identified the Incunabulum of Lucky Fire
 34282 | Swamp:2  | Found a transporter.
 34302 | Swamp:2  | Noticed Krampus's ghost (adept FoFi)
 34315 | Swamp:2  | Found a transporter.
 34324 | Swamp:2  | Received a gift from Okawaru
 34335 | Swamp:2  | HP: 4/116 [five-headed hydra (9)]
 34335 | Swamp:2  | Mangled by a five-headed hydra

Vault maps used:
D:1:      lemuel_arrival_rhombus, hangedman_decor_clover_reticule
D:2:      nemelex_dance_club_becter, uniq_terence
D:3:      nemelex_xobeh_ov_fountains_minmay, lemuel_coloured_pillars_altar,
          nicolae_overflow_hidden_temple, gammafunk_ghost_mausoleum,
          chequers_ecumenical_altar_island, roderic_three_in_a_row,
          corexii_hall_statues_l, nicolae_gozag_cash_rules_everything_around_me
D:4:      lemuel_crystal_altar, minmay_temple_entry_overgrown, first_ration,
          uniq_pikel, uniq_crazy_yiuf_cottage, uniq_eustachio
D:5:      gammafunk_ghost_necromancy, serial_shops, shop,
          nicolae_shop_overgrown_old_shop, shop, shop,
          nicolae_shop_overgrown_old_shop, nicolae_ru_great_annihilating_truth,
          uniq_duvessa
D:6:      zin_statuary, kennysheep_mini_moat, tso_oasis_becter,
          gup_sewer_entry_glass, serial_co_window_serial,
          co_window_of_opportunity_a, co_window_paths_b, co_window_paths_b,
          co_window_paths_b, co_window_of_opportunity_a, co_window_broadway_c,
          co_window_paths_c, co_window_of_opportunity_b,
          co_window_of_opportunity_b, co_window_broadway_a, co_window_corner_b,
          co_window_2corner, co_window_4corner_b, glass_columns_c,
          glass_columns_a, uniq_edmund
D:7:      overflow_temple_1_default
D:8:      vehumet_statue, serial_shops, shop, grunt_pizzeria, uniq_maurice,
          uniq_psyche, uniq_harold
D:9:      lemuel_doored_altar, doesnt_xom_only_xom, erik_lair_orcish_takeover,
          fedhas_ov_isle_minmay
D:10:     uniq_gastronok
D:11:     david_orc_1_choice, gammafunk_ghost_smash
D:12:     uniq_nessos, uniq_snorg
D:13:     lightli_vaults_fourway_checkpoint, serial_shops, bzr_entry_customers,
          serial_rivers, chequers_serial_rivers_small_3,
          chequers_serial_rivers_small_b, chequers_serial_rivers_marsh,
          chequers_serial_rivers_micro_e, enter_bailey_2
D:14:     hangedman_abyss_or_decor_slice
D:15:     hangedman_depths_entry_civil_slaughter, nicolae_lava_and_water,
          serial_shops, shop, uniq_louise
Temple:   dpeg_three_leaves_temple
Lair:1:   grunt_megastairs_5
Lair:2:   minmay_swamp_entry_worms
Lair:3:   eino_house_with_fridge, infiniplex_staircase_pool, grunt_megastairs_4,
          lemuel_fruit_tree
Lair:4:   nicolae_spider_entry_non_spiders, bh_chokoban
Lair:5:   dpeg_slime_entry_enclosed_altar, lightli_volcano_entry_magma_tube
Lair:6:   minmay_lair_end_enchanted_forest, serial_bayou_pond_e
Swamp:1:  gammafunk_mikee_crab_dinner, evilmike_swamp_ruin_house_5, uniq_jorgrun
Swamp:2:  gammafunk_ghost_berserking_beasts, nicolae_swamp_very_dense_foliage,
          swamp_pool3, uniq_nikola, uniq_frances
Spider:1: hangedman_spider_tarantella_strand
Spider:2: zaba_antful_of_joy
Spider:4: floodkiller_spider_rune_tomb, drop_trap, nicolae_spider_nook,
          uniq_asterion
Orc:1:    serial_shops, shop
Orc:2:    pf_orc_diabolical, mines2_david
Bazaar:   bazaar_lake
Sewer:    sewer_frog_island_01
Bailey:   bailey_axe_3, bailey
Volcano:  volcano_lake

Skill      XL: |  1  2  3  4  5  6  7  8  9 10 11 12 13 14 15 16 17 18 |
---------------+-------------------------------------------------------+-----
Fighting       | 2 3 5 6 7 8 9 10 11 | 11.6
Crossbows      | 5 7 10 14 17 20 21 22 | 22.1
Armour         | 1 2 3 5 7 9 10 11 12 13 | 13.8
Invocations    | 2 5 7 8 9 11 | 11.2
Dodging        | 3 6 7 9 10 11 12 13 | 13.7
Evocations     | 2 4 5 |  5.0
Stealth        | |  1.1

Action                   |  1- 3 |  4- 6 |  7- 9 | 10-12 | 13-15 | 16-18 | 19-21 || total
-------------------------+-------+-------+-------+-------+-------+-------+-------++-------
Melee: Short sword       |    21 |   100 |    65 |       |       |       |       ||   186
       Spear             |       |       |   217 |       |       |       |       ||   217
       Dagger            |       |       |    26 |   592 |    69 |       |       ||   687
       Triple crossbow   |       |       |       |       |     1 |     1 |       ||     2
 Fire: Hand crossbow     |    24 |    60 |   110 |    20 |       |       |       ||   214
       Arbalest          |       |       |       |    86 |    86 |       |       ||   172
       Triple crossbow   |       |       |       |       |   852 |  1238 |    44 ||  2134
Invok: Heroism           |       |     1 |     1 |       |     1 |     3 |       ||     6
       Finesse           |       |       |       |       |     1 |     3 |       ||     4
Evoke: Wand              |       |       |     1 |       |       |       |       ||     1
  Use: Scroll            |       |     8 |     3 |    15 |    16 |     7 |       ||    49
       Potion            |       |     4 |       |     5 |     5 |     3 |       ||    17
 Stab: Sleeping          |       |     2 |       |     1 |       |       |       ||     3
       Invisible         |       |       |     1 |       |       |       |       ||     1
       Paralysed         |       |       |     1 |       |       |       |       ||     1
  Eat: Chunk             |       |     5 |    11 |    29 |    25 |    18 |       ||    88
       Ration            |       |       |       |       |     1 |     6 |     1 ||     8
Armor: Leather armour    |     1 |       |       |       |       |       |       ||     1
       Ring mail         |     5 |    61 |   107 |    46 |       |       |       ||   219
       Gold dragon scale |       |       |       |   255 |   651 |   924 |    41 ||  1871
       Plate armour      |       |       |       |     2 |       |       |       ||     2
Dodge: Dodged            |    16 |   119 |   311 |   490 |   742 |  1082 |    55 ||  2815
Block: Buckler           |       |       |       |   102 |       |       |       ||   102

Table legend:
 A = Non-vault XP
 B = Vault XP
 C = Vault XP percentage of total XP
 D = Non-vault monster count
 E = Vault monster count
 F = Vault count percentage of total count
                 A         B        C        D         E       F
            +---------+---------+-------+---------+---------+-------
      Total |  152940 |  121946 |  44.4 |     765 |     402 |  34.4
            +---------+---------+-------+---------+---------+-------
        D:1 |      34 |       0 |   0.0 |      19 |       0 |   0.0
        D:2 |      66 |      46 |  41.1 |      17 |       3 |  15.0
        D:3 |      75 |     848 |  91.9 |      24 |       5 |  17.2
        D:4 |     304 |     229 |  43.0 |       9 |       2 |  18.2
        D:5 |     706 |     840 |  54.3 |      18 |       9 |  33.3
        D:6 |    1190 |     196 |  14.1 |      30 |       6 |  16.7
        D:7 |     593 |       0 |   0.0 |      18 |       0 |   0.0
        D:8 |    1832 |    2000 |  52.2 |      24 |       6 |  20.0
        D:9 |    2657 |     470 |  15.0 |      51 |       8 |  13.6
       D:10 |     327 |    2349 |  87.8 |       7 |       1 |  12.5
       D:11 |    9831 |    3551 |  26.5 |      61 |      13 |  17.6
       D:12 |    8282 |    2355 |  22.1 |      46 |       2 |   4.2
       D:13 |    1849 |    7193 |  79.6 |      13 |      14 |  51.9
       D:14 |    7006 |       0 |   0.0 |      30 |       0 |   0.0
       D:15 |   10186 |    6788 |  40.0 |      28 |       7 |  20.0
     Lair:1 |    1460 |     611 |  29.5 |      10 |       4 |  28.6
     Lair:2 |    2666 |     326 |  10.9 |      11 |       2 |  15.4
     Lair:3 |    6387 |    1428 |  18.3 |      24 |      14 |  36.8
     Lair:4 |    6370 |      51 |   0.8 |      26 |       8 |  23.5
     Lair:5 |    2554 |       0 |   0.0 |      15 |       0 |   0.0
     Lair:6 |   15108 |   10425 |  40.8 |      41 |      51 |  55.4
    Swamp:1 |   12627 |   10932 |  46.4 |      33 |      12 |  26.7
    Swamp:2 |    2577 |     526 |  17.0 |       3 |       1 |  25.0
   Spider:1 |   17471 |     210 |   1.2 |      44 |       1 |   2.2
   Spider:2 |    7271 |    6338 |  46.6 |      21 |      31 |  59.6
   Spider:3 |   18560 |       0 |   0.0 |      57 |       0 |   0.0
   Spider:4 |    9122 |   42311 |  82.3 |      25 |      85 |  77.3
      Orc:1 |    1357 |       3 |   0.2 |      25 |       1 |   3.8
      Orc:2 |    4472 |   17029 |  79.2 |      35 |      62 |  63.9
      Sewer |       0 |     145 | 100.0 |       0 |      19 | 100.0
     Bailey |       0 |     917 | 100.0 |       0 |      16 | 100.0
    Volcano |       0 |    3829 | 100.0 |       0 |      19 | 100.0
            +---------+---------+-------+---------+---------+-------
